Unix NetHack Version 3.7.0-89 Work-in-progress - last build Sep 24 2023 19:26:52 (48e034876007844a536bf88644040a71d2893410,branch:master). Game began 2023-09-29 18:38:32, ended 2023-09-29 19:12:22. ClaireVoyance, lawful female dwarven Valkyrie -------------- |............| |............| |............| |............| #@ |............| # --------+-.--- # ### ### ## # # # ## # # ## # # - -------- -----+-.----### ..i.....ou| |........<..## vo.MF.| |..........| # . |...{......+ | ------------ ClaireVoyance the Fighter St:15 Dx:14 Co:20 In:9 Wi:8 Ch:10 Lawful Dlvl:8 $:49 HP:0(79) Pw:11(11) AC:-2 Xp:7/871 T:3519 Burdened Blind Latest messages: The dog misses! You hit the dog! The dog bites! You kill the dog! You are carrying too much to get through. You find a hidden passage. You have a little trouble lifting F - a sky blue potion (2 in total). You hear someone cursing shoplifters. That door is closed. You fall down the stairs. You hit the newt. The newt misses! You kill the newt! You kill the giant rat! You kill the giant rat! You see here a giant rat corpse. The giant rat bites! You kill the giant rat! You kill the giant rat! There is a giant rat corpse here; eat it? [ynq] (n) Blecch! Rotten food! The world spins and goes dark. You are conscious again. You have a little trouble lifting Y - a tin. There is a partly eaten giant rat corpse here; eat it? [ynq] (n) You resume your meal. You finish eating the giant rat corpse. You see here a giant rat corpse. There is a giant rat corpse here; eat it? [ynq] (n) This giant rat corpse is stringy. You finish eating the giant rat corpse. Where do you want to travel to? (For instructions type a '?') You find a hidden passage. You hit the yellow light. You miss the yellow light. The yellow light explodes! You are blinded by a blast of light! You feel an unseen monster! It bites! You stop searching. It touches you! You hear its hissing! You hit it. You kill it! You have a little trouble lifting Z - a potion. You try to feel what is lying here on the ground. You feel here a chickatrice corpse. Touching the chickatrice corpse is a fatal mistake... You turn to stone... Inventory: Coins ('$') $ - 49 gold pieces Amulets ('"') x - an uncursed amulet of ESP Weapons (')') b - an uncursed +0 dagger a - a blessed +1 dwarvish spear (weapon in hand) Armor ('[') t - an uncursed +0 orcish helm (being worn) c - an uncursed +3 small shield (being worn) Q - an uncursed +0 dwarvish cloak (being worn) u - an uncursed +0 plate mail (being worn) Comestibles ('%') V - 2 uncursed food rations Y - an uncursed tin of dried orc meat K - an uncursed lichen corpse Scrolls ('?') D - 4 uncursed scrolls of blank paper C - a cursed scroll of blank paper q - an uncursed scroll of destroy armor z - an uncursed scroll of identify e - an uncursed scroll of remove curse m - an uncursed scroll of teleportation Spellbooks ('+') J - an uncursed spellbook of drain life Potions ('!') S - a cursed potion of booze E - an uncursed potion of fruit juice W - a blessed potion of gain energy v - an uncursed potion of gain energy F - 2 uncursed potions of hallucination N - an uncursed potion of healing L - an uncursed potion of monster detection j - an uncursed potion of object detection Z - an uncursed potion of oil g - an uncursed potion of speed n - an uncursed potion of water Wands ('/') s - an uncursed wand of create monster (0:13) H - an uncursed wand of teleportation (0:6) Tools ('(') r - an uncursed lock pick P - an uncursed lock pick w - an uncursed magic whistle O - an uncursed wax candle Gems/Stones ('*') G - an uncursed worthless piece of black glass A - an uncursed worthless piece of green glass U - 2 uncursed worthless pieces of orange glass y - an uncursed worthless piece of red glass B - 3 uncursed worthless pieces of yellow glass I - 3 uncursed worthless pieces of yellowish brown glass p - an uncursed luckstone ClaireVoyance the Valkyrie's attributes: Background: You were a Fighter, a level 7 dwarven Valkyrie. You were lawful, nominally on a mission for Tyr who was opposed by Odin (neutral) and Loki (chaotic). You were in the Dungeons of Doom, on level 8. You entered the dungeon 3519 turns ago. There was a full moon in effect when your adventure ended. You had 871 experience points, 409 more were needed to attain level 8. Basics: You had 0 out of 79 hit points. You had all 11 energy points (spell power). Your armor class was -2. Your wallet contained 49 zorkmids. Autopickup was on for '$?!"=/*', with exceptions. Final Characteristics: Your strength was 15 (limit:18/100). Your dexterity was 14 (limit:20). Your constitution was 20 (limit:20). Your intelligence was 9 (limit:16). Your wisdom was 8 (limit:16). Your charisma was 10 (limit:16). Final Status: You were temporarily blind. You were not hungry. You were burdened; movement was slightly slowed. You were wielding a spear. You were skilled in spear. Final Attributes: You were piously aligned. You were cold resistant. You had infravision. You were stealthy. You were guarded. You were fast. You were lucky. You had extra luck. Bad luck did not time out for you. Good luck did not time out for you. You are dead. Miscellaneous: You disabled loading of bones levels. Total elapsed playing time was 26 minutes and 40 seconds. Major events: Turn 1: ClaireVoyance the lawful dwarven Valkyrie entered the dungeon 721: attained the rank of Skirmisher (level 3) 1212: attained the rank of Fighter (level 6) 1810: entered the Gnomish Mines 2797: reached Mine Town 3519: petrified by touching a chickatrice corpse bare-handed Vanquished creatures: a ghost a large mimic a small mimic a warhorse a giant spider a chickatrice 2 dogs 2 white unicorns a human zombie a Woodland-elf a soldier ant an imp a rock piercer a rock mole a yellow light 4 gnome leaders 2 paper golems 4 giant ants a floating eye 2 dwarves a homunculus 7 hill orcs a monkey a dwarf zombie 2 iguanas 7 killer bees 2 acid blobs 2 hobbits 2 hobgoblins 4 giant rats a green mold 18 gnomes 2 geckos 2 jackals a fox 2 goblins 2 grid bugs 2 bats 3 lichens a kobold zombie 5 newts 98 creatures vanquished. No species were genocided or became extinct. Voluntary challenges: You were an atheist. You read items or engraved 3 times. You engraved Elbereth 1 time. You never genocided any monsters. You never polymorphed an object. You never changed form. You used no wishes. Achievements: You entered a shop. You attained the rank of Skirmisher. You attained the rank of Fighter. You entered the Gnomish Mines. You entered Minetown. The Dungeons of Doom: levels 1 to 8 Level 1: A fountain. Level 2: Level 3: Level 4: Some fountains, a sink. Stairs down to The Gnomish Mines. Level 5: A general store. Level 6: "vault" A fountain. Level 7: Level 8: <- You were here. A fountain. Final resting place for you, petrified by touching a chickatrice corpse bare-handed. The Gnomish Mines: levels 5 to 8 Level 5: Level 6: Level 7: Level 8: Game over: ---------- / \ / REST \ / IN \ / PEACE \ / \ | ClaireVoyance | | 49 Au | | petrified by | | touching a | | chickatrice | | corpse | | 2023 | *| * * * | * _________)/\\_//(\/(/\)/\//\/|_)_______ Farvel ClaireVoyance the Valkyrie... You turned to stone in The Dungeons of Doom on dungeon level 8 with 3889 points, and 49 pieces of gold, after 3519 moves. You were level 7 with a maximum of 79 hit points when you turned to stone.